 Dungeon Crawl Stone Soup version 0.17-a0-1194-gc654e57 (webtiles) character file.

975 AnnoyedKobold the Covert (level 8, 0/44 HPs)
             Began as a Kobold Assassin on June 2, 2015.
             Slain by a gnoll
             ... wielding a +0 spear
              (7 damage)
             ... on level 5 of the Dungeon.
             The game lasted 00:17:04 (4424 turns).

AnnoyedKobold the Covert (Kobold Assassin)          Turns: 4424, Time: 00:17:04

Health: 0/44       AC: 15    Str:  9    XL:     8   Next: 39%
Magic:  8/8        EV: 20    Int:  9    God:
Gold:   258        SH:  0    Dex: 20    Spells: 1 memorised, 5 levels left

rFire  . . .     SeeInvis .     L - +0 dagger (venom)
rCold  . . .     Clarity  .     O - +3 leather armour
rNeg   . . .     SustAt   .     (shield restricted)
rPois  .         Gourm    .     t - +2 helmet
rElec  .         Spirit   .     d - +0 cloak
rCorr  .         Warding  .     (no gloves)
rMut   .         Stasis   .     l - +2 pair of boots
MR     ++...                    (no amulet)
Stlth  ++++++....               I - ring of protection from magic
                                B - ring of stealth

@: very resistant to hostile enchantments, very stealthy
A: yellow scales 1, carnivore 3, magic resistance 1, sense surroundings 1
a: no special abilities


You were on level 5 of the Dungeon.
You were very full.

You visited 1 branch of the dungeon, and saw 5 of its levels.

You collected 258 gold pieces.

Inventory:

Hand weapons
 a - a +2 dagger
 b - a +0 blowgun
 L - a +0 dagger of venom (weapon)
Missiles
 e - 8 poisoned needles
 f - 2 curare-tipped needles
 P - a throwing net (quivered)
Armour
 d - a +0 cloak (worn)
 l - a +2 pair of boots (worn)
 t - a +2 helmet (worn)
 O - a +3 leather armour (worn)
Jewellery
 B - a ring of stealth (left hand)
 D - an uncursed ring of ice
 I - a ring of protection from magic (right hand)
Magical devices
 s - a wand of frost (4)
 x - a wand of confusion (18)
 y - a wand of random effects (17)
 G - a wand of fire (10)
 J - a wand of lightning (6)
 N - a wand of disintegration (8)
Scrolls
 c - 2 scrolls of fear {unknown}
 h - a scroll of amnesia {unknown}
 j - a scroll of enchant armour {unknown}
 o - a scroll of recharging {unknown}
 r - a scroll of blinking {unknown}
 u - 2 scrolls of fog {unknown}
 C - a scroll of enchant weapon {unknown}
 H - a scroll of magic mapping {unknown}
Potions
 i - a potion of flight {unknown}
 k - a potion of agility {unknown}
 m - 2 potions of heal wounds {unknown}
 p - 4 potions of brilliance {unknown}
 q - 2 potions of might
 w - a potion of haste {unknown}
 z - a potion of cancellation {unknown}
 E - a potion of poison {unknown}
 F - a potion of curing {unknown}
 M - a potion of resistance {unknown}
Books
 A - a book of Envenomations

   Spells                             Type                      Level
   a - Spider Form                    Transmutation/Poison         3
   b - Alistair's Intoxication        Transmutation/Poison         4
   c - Olgreb's Toxic Radiance        Poison                       4
   d - Poisonous Cloud                Conjuration/Poison/Air       6
 K - a book of Maledictions

   Spells                             Type                      Level
   a - Corona                         Hexes                        1
   b - Ensorcelled Hibernation        Hexes/Ice                    2
   c - Confuse                        Hexes                        3
   d - Tukima's Dance                 Hexes                        3
   e - Dazzling Spray                 Conjuration/Hexes            3
Comestibles
 g - 2 meat rations
 n - 2 slices of pizza
 v - a beef jerky


   Skills:
 - Level 2.2 Fighting
 - Level 2.6 Throwing
 - Level 7.6 Dodging
 * Level 9.6 Stealth
 + Level 3.0 Hexes


You had 5 spell levels left.
You knew the following spells:

 Your Spells              Type           Power        Failure   Level  Hunger
a - Ensorcelled Hibernat  Hex/Ice        #.....       47%         2    ###....


Dungeon Overview and Level Annotations

Branches:
Dungeon (5/15)
 Temple: D:4-7

Altars:
Gozag
Nemelex Xobeh
Ru
Zin

Annotations:
D:3 hotboy's ghost, average HuIE


Innate Abilities, Weirdness & Mutations

You are small and have problems with some larger weapons.
You are carnivorous and can eat meat at any time.
You are partially covered in yellow scales (AC +2).
You are resistant to hostile enchantments.
You passively map a small area around you.


Message History

The gnoll is moderately wounded.
The gnoll hits you but does no damage. The gnoll hits you with a spear.
The gnoll misses you.
You hit the gnoll.
The gnoll is almost dead.
The gnoll closely misses you.
The gnoll zaps a wand.
The bolt of fire misses you. The gnoll closely misses you.
You hit the gnoll but do no damage.
The gnoll looks even sicker.
The gnoll is almost dead.
You kill the gnoll!
The gnoll hits you from afar with a spear.
The gnoll zaps a wand.
The bolt of fire misses you. The gnoll barely misses you.
The gnoll zaps a wand.
The bolt of fire hits you!
There is an open door here.
Items here: )) †† a war axe; a spear; a gnoll corpse; a gnoll corpse The gnoll zaps a wand.
The bolt of fire hits you!
* * * LOW HITPOINT WARNING * * *
The gnoll hits you from afar with a spear!
You die...

, , '. #+# ≈ , , * *
.. #.# ≈ , ,, * gg
#.#, ≈≈ , , , *,
'###.# ≈ ,,,,,,, ,...#
≈ , ,..#
##################g#,≈
, #....#...........#g#
≈ ,
'....'..........@)g#
#....#...........#)###
*
#''''#############)).#
≈ , .))........, , ,
#)..#≈ ≈.)..≈≈≈≈≈≈
#####≈ ≈.)..≈≈≈≈≈≈≈ ≈
≈ ≈≈≈ , ≈....≈≈≈≈≈≈
≈≈≈≈≈ ..........., ,
....... ###.###..##, ,
##.######


You could see 2 gnolls.

Vanquished Creatures
  An ogre (D:5)
  A giant frog (D:5)
  2 crimson imps (D:5)
  2 iguanas
  2 hounds
  Jessica (D:2)
  3 gnoll shamans (D:5)
  2 worker ants (D:4)
  Robin (D:3)
  28 gnolls (D:5)
  8 adders
  An adder zombie (D:5)
  2 worms
  5 giant geckos
  13 bats
  2 bat skeletons (D:4)
  A bat zombie (D:5)
  2 giant cockroaches
  16 hobgoblins
  8 jackals (D:5)
  2 giant newts
  23 goblins
  5 kobolds
  A quokka skeleton (D:4)
  9 rats
141 creatures vanquished.

Vanquished Creatures (others)
  A gnoll (D:5)
1 creature vanquished.

Grand Total: 142 creatures vanquished

Notes
Turn   | Place    | Note
--------------------------------------------------------------
     0 | D:1      | AnnoyedKobold the Kobold Assassin began the quest for the Orb.
     0 | D:1      | Reached XP level 1. HP: 12/12 MP: 1/1
   201 | D:1      | Reached XP level 2. HP: 7/17 MP: 2/2
   777 | D:1      | Reached skill level 6 in Stealth
   780 | D:1      | Reached XP level 3. HP: 21/21 MP: 3/3
  1098 | D:2      | Noticed Jessica
  1106 | D:2      | Killed Jessica
  1106 | D:2      | Reached XP level 4. HP: 26/26 MP: 4/4
  1383 | D:2      | Found a sacrificial altar of Ru.
  1675 | D:3      | Found a glowing silver altar of Zin.
  1682 | D:3      | Noticed hotboy's ghost (average HuIE)
  1733 | D:3      | Noticed Robin
  1784 | D:2      | Reached XP level 5. HP: 25/30 MP: 5/5
  1847 | D:3      | Killed Robin
  1862 | D:2      | Reached skill level 5 in Dodging
  2106 | D:3      | Found an opulent altar of Gozag.
  2895 | D:4      | Reached XP level 6. HP: 35/35 MP: 6/6
  2930 | D:4      | Noticed a phantom
  3163 | D:4      | Gained mutation: You passively map a small area around you. [potion of mutation]
  3163 | D:4      | Gained mutation: You are partially covered in yellow scales (AC +2). [potion of mutation]
  3163 | D:4      | Gained mutation: You are resistant to hostile enchantments. [potion of mutation]
  3342 | D:4      | Found a sparkling altar of Nemelex Xobeh.
  3357 | D:4      | Reached skill level 7 in Dodging
  3634 | D:5      | Entered Level 5 of the Dungeon
  3638 | D:5      | Reached XP level 7. HP: 40/40 MP: 7/7
  3655 | D:5      | Learned a level 2 spell: Ensorcelled Hibernation
  3866 | D:5      | Reached skill level 1 in Hexes
  4062 | D:5      | Reached skill level 8 in Stealth
  4185 | D:5      | Reached XP level 8. HP: 29/44 MP: 8/8
  4383 | D:5      | Reached skill level 9 in Stealth
  4424 | D:5      | Slain by a gnoll

Vault maps used:
D:1:      dpeg_arrival_lava_altar, kennysheep_small_spiral
D:2:      hangedman_ru_absence, uniq_jessica
D:3:      lemuel_crystal_altar, nicolae_overflow_crystal_walls, first_bread,
          uniq_robin
D:4:      kennysheep_the_goblin_king, nemelex_deck
D:5:      lemuel_castle_with_subvaults, kennysheep_vampire_church, basic_altar,
          minivault_1, uniq_grinder

Action                   |  1- 3 |  4- 6 |  7- 9 || total
-------------------------+-------+-------+-------++-------
Melee: Dagger            |    61 |   251 |   196 ||   508
Evoke: Wand              |       |       |     3 ||     3
  Use: Scroll            |       |     2 |       ||     2
       Potion            |       |     1 |       ||     1
 Stab: Sleeping          |    11 |    20 |     9 ||    40
       Distracted        |       |       |     1 ||     1
  Eat: Chunk             |     1 |    11 |     7 ||    19
